 Dungeon Crawl Stone Soup version 0.20.1-1-g8b1a95d (webtiles) character file.

303 polve the Cudgeler (level 6, -4/37 HPs)
             Began as a Gargoyle Fighter on July 18, 2017.
             Killed by divine providence
             ... invoked by an orc priest
              (12 damage)
             ... on level 3 of the Dungeon.
             The game lasted 00:03:00 (2768 turns).

polve the Cudgeler (Gargoyle Fighter)               Turns: 2768, Time: 00:03:01

Health: -4/37      AC:  8    Str: 19    XL:     6   Next: 38%
Magic:  0/6        EV:  8    Int:  9    God:
Gold:   135        SH:  9    Dex: 11    Spells: 5/5 levels left

rFire    . . .     SeeInvis .   a - +0 flail
rCold    . . .     Gourm    .   c - +0 shield
rNeg     + . .     Faith    .   e - +0 leather armour (curse)
rPois    ∞         Spirit   +   (no helmet)
rElec    +         Reflect  .   (no cloak)
rCorr    .         Harm     .   (no gloves)
MR       .....                  (no boots)
Stlth    ++........             x - amulet of guardian spirit
Regen    0.2/turn               m - +1 ring of protection
MPRegen  0.1/turn               n - ring of stealth

@: no status effects
A: negative energy resistance 1, electricity resistance, unbreathing,
petrification resistance, rot immunity, AC +4
a: no special abilities


You were on level 3 of the Dungeon.
You were not hungry.

You visited 1 branch of the dungeon, and saw 3 of its levels.

You collected 135 gold pieces.

Inventory:

Hand Weapons
 a - a +0 flail (weapon)
Armour
 c - a +0 shield (worn)
 e - a cursed +0 leather armour (worn)
 A - a +0 pair of boots
Jewellery
 m - a +1 ring of protection (left hand)
 n - a ring of stealth (right hand)
 x - an amulet of guardian spirit (around neck)
 y - an uncursed ring of poison resistance {unknown}
Wands
 B - a wand of lightning (10/15)
Scrolls
 h - 2 scrolls of fear {unknown}
 i - 5 scrolls of identify {unknown}
 k - a scroll of blinking {unknown}
 o - a scroll of remove curse {unknown}
 r - a scroll of random uselessness {unknown}
 t - a scroll of teleportation {unknown}
 v - 3 scrolls of amnesia {unknown}
Potions
 d - a potion of might
 g - a potion of mutation {unknown}
 l - a potion of heal wounds {unknown}
 p - 4 potions of flight {unknown}
 q - 3 potions of haste {unknown}
 u - a potion of degeneration {unknown}
 z - a potion of curing {unknown}
Comestibles
 b - 3 royal jellies
 f - 3 bread rations
 j - 2 meat rations
 s - 5 chunks of flesh
 w - 5 fruits


   Skills:
 - Level 3.2 Fighting
 + Level 6.5 Maces & Flails
 - Level 3.2 Armour
 - Level 3.2 Shields


You had 5 spell levels left.
You didn't know any spells.

Dungeon Overview and Level Annotations

Branches:
Dungeon (3/15)

Altars:

Annotations:
D:3 1 transporter


Innate Abilities, Weirdness & Mutations

You are resistant to torment.
Your stone body is resilient. (AC +4)
You are immune to poison.
You resist negative energy. (rN+)
You are resistant to electric shocks. (rElec)
You can survive without breathing.
You are immune to petrification.
You are immune to rotting.


Message History

The quokka barely misses you. You block the quokka's attack.
You closely miss the quokka.
The quokka is lightly wounded.
You block the quokka's attack.
You closely miss the quokka.
The quokka is lightly wounded.
The quokka bites you but does no damage.
The shadow imp grins evilly.
The orc priest calls down the wrath of Beogh upon you.
Beogh smites you!
* * * LOW HITPOINT WARNING * * *
The shadow imp laughs crazily.
You block the quokka's attack.
You barely miss the quokka.
The quokka is lightly wounded.
The shadow imp gestures at you.
You barely resist.
The orc priest calls down the wrath of Beogh upon you.
Beogh smites you!
You die...

#.......#........# ###.###
#.......#.###....# ##...>..
###.......#.###...## #.......
#...........[.....# #..#.##.
#.###############.####..#.##.
#.#8P#...$.o5#P8#...##..#.##.
##.#P.#≈≈≈≈≈≈≈#.P#.#.##..#.##.
####..#..#..≈≈≈..#.$#...##.......
..#..©#..'..≈♣≈.@r(©#...#####..##
......#..#..≈≈≈).#.$#..........##
..###.#P.#≈≈≈≈≈≈≈#.P#.#.######.##
### #.#8P#.....55#≈8#.#.# #.##
#.###############.#.# #...
#..................)# ###.
####.##.##.####...### #.#
#...g...# #...# #.#
###########.#### #...# #.#


You could see an orc priest, 3 shadow imps, a quokka and a hobgoblin
(wandering).

Vanquished Creatures
  A phantom (D:3)
  Natasha (thrice) (D:2)
  7 adders
  An ooze (D:3)
  A worm (D:3)
  3 dart slugs (D:2)
  2 leopard geckos
  An orc (D:3)
  6 bats
  4 giant cockroaches
  11 goblins
  6 hobgoblins
  6 kobolds
  A quokka (D:3)
  3 ball pythons
  4 frilled lizards
  9 rats
69 creatures vanquished.

Vanquished Creatures (others)
  A frilled lizard (D:2)
1 creature vanquished.

Grand Total: 70 creatures vanquished

Notes
Turn   | Place    | Note
-------+----------+-------------------------------------------
     0 | D:1      | polve the Gargoyle Fighter began the quest for the Orb.
     0 | D:1      | Reached XP level 1. HP: 14/14 MP: 1/1
   165 | D:1      | Reached XP level 2. HP: 18/19 MP: 2/2
   271 | D:1      | Reached skill level 3 in Maces & Flails
   640 | D:2      | Reached XP level 3. HP: 23/23 MP: 3/3
   940 | D:2      | Noticed Natasha
   966 | D:2      | Killed Natasha
   966 | D:2      | Reached skill level 4 in Maces & Flails
   966 | D:2      | Reached XP level 4. HP: 9/28 MP: 4/4
  1029 | D:2      | Noticed Natasha
  1037 | D:2      | Killed Natasha
  1250 | D:2      | Noticed Natasha
  1256 | D:2      | Killed Natasha
  1256 | D:2      | Reached skill level 5 in Maces & Flails
  1256 | D:2      | Reached XP level 5. HP: 24/32 MP: 5/5
  2081 | D:3      | Found a transporter.
  2239 | D:3      | Found a transporter.
  2330 | D:3      | Noticed a phantom
  2577 | D:3      | Killed a phantom
  2577 | D:3      | Reached skill level 6 in Maces & Flails
  2577 | D:3      | Reached XP level 6. HP: 37/37 MP: 4/6
  2768 | D:3      | Killed from afar by an orc priest

Skill      XL: |  1  2  3  4  5 |
---------------+----------------+-----
Maces & Flails | 3 4 5 6 |  6.5
Fighting       | |  3.2
Armour         | |  3.2
Shields        | |  3.2

Action                   |  1- 3 |  4- 6 || total
-------------------------+-------+-------++-------
Melee: Flail             |   111 |   159 ||   270
  Use: Potion            |     1 |       ||     1
 Stab: Sleeping          |     5 |     8 ||    13
       Distracted        |       |     1 ||     1
  Eat: Chunk             |       |     6 ||     6
Armor: Leather armour    |    54 |    59 ||   113
Dodge: Dodged            |    43 |    53 ||    96
Block: Shield            |    75 |    73 ||   148
